[Event "*** Titled Tuesday Blitz"]
[Site "Chess.com"]
[Date "2018.10.02"]
[Round "4"]
[White "BasilSmash"]
[Black "Vuk2000"]
[Result "1-0"]
[WhiteElo "2401"]
[BlackElo "2689"]
[TimeControl "180+2"]
[EndTime "13:47:59 PDT"]
[Termination "BasilSmash won by resignation"]

1. d4 Nf6 2. Bf4 e6 3. e3 d5 4. Nf3 Bd6 5. Bg3 O-O 6. Nbd2 c5 7. c3 Nc6 8. Bd3 Qe7 9. Ne5 Bxe5 10. dxe5 Nd7 11.
Nf3 f6 12. exf6 Nxf6 13. Ne5 Nxe5 14. Bxe5 Nd7 15. Bg3 e5 16. e4 d4 17. cxd4 cxd4 18.
O-O Nf6 19. Rc1 Bg4 20. Qa4 a6 21. Qa5 Nd7 22. Rc7 Rab8 23. Rfc1 Qd6 24. Qd5+ Qxd5 25. exd5 Rf7 26. f3 Bh5 27. d6 b5 28. Be4 Nf6 29. Bxe5 Nxe4 30. fxe4 Rd8 31. Rc8 Rd7 32.
Kf2 d3 33. Ke3 Be2 34. R1c7 Rxc8 35. Rxd7 Rc2 36. Rxg7+ Kf8 37. d7 1-0

[Event "*** Titled Tuesday Blitz"]
[Site "Chess.com"]
[Date "2018.10.02"]
[Round "4"]
[White "Aklanion"]
[Black "Slovak_fighter2000"]
[Result "1-0"]
[WhiteElo "2177"]
[BlackElo "2370"]
[TimeControl "180+2"]
[EndTime "13:48:02 PDT"]
[Termination "Aklanion won by resignation"]

1. d4 d5 2. Nf3 Nf6 3. g3 e6 4. Bg2 Be7 5. O-O O-O 6. c4 dxc4 7.
Ne5 Nc6 8. Bxc6 bxc6 9. Nd2 Bb7 10. Ndxc4 c5 11. dxc5 Bxc5 12. Qxd8 Rfxd8 13. Bg5 h6 14. Bxf6 gxf6 15. Nd3 Bb6 16. b3 a5 17. Rac1 Bd5 18. Rfd1 a4 19. bxa4 Rxa4 20. Nf4 Rxa2 21. Nxb6 cxb6 22. e4 Kg7 23. exd5 exd5 24. Rxd5 Rxd5 25.
Nxd5 b5 26. Rb1 Rd2 27. Rxb5 Re2 28. Nf4 Re7 29. Rf5 Ra7 30. h4 Ra6 31. Kg2 Rb6 32. g4 Ra6 33. Rb5 Rc6 34. Nd5 Rd6 35. Ne3 Ra6 36. Rh5 Ra4 37. Kg3 Ra3 38. Kf4 Ra4+ 39. Kf3 Ra3 40. Kg3 Kg6 41. Rf5 Rb3 42. Rf3 Rb4 43. Nd5 Rd4 44. Nxf6 Ra4 45. Nh5 Rb4 46. Rf6+ Kh7 47. Rxf7+ Kg8 48. Rg7+ Kh8 49. Rc7 Ra4 50.
Nf6 Ra3+ 51. f3 1-0

[Event "*** Titled Tuesday Blitz"]
[Site "Chess.com"]
[Date "2018.10.02"]
[Round "4"]
[White "tigra"]
[Black "Jospem"]
[Result "1-0"]
[WhiteElo "2734"]
[BlackElo "2736"]
[TimeControl "180+2"]
[EndTime "13:48:04 PDT"]
[Termination "tigra won by resignation"]

1. e4 c5 2. Nf3 d6 3. d4 cxd4 4.
Nxd4 Nf6 5. Nc3 a6 6. Bg5 e6 7.
f4 h6 8. Bh4 Qb6 9. Qd2 Be7 10.
O-O-O O-O 11. e5 dxe5 12. fxe5 Ne4 13. Nxe4 Bxh4 14. Qf4 Be7 15. Nf6+ Kh8 16. Bd3 Nd7 17. Qe4 g6 18. Qe3 Nxf6 19. Qxh6+ Nh7 20. Nf3 Rg8 21. h4 Rg7 22. Be4 Qc7 23. Ng5 Qxe5 24. Nxh7 Kg8 25. Ng5 f5 26. Bf3 Bf6 27. c3 Bd7 28. Rhe1 Qf4+ 29. Kb1 Ba4 30. Rd3 Bb5 31. Rde3 Re8 32. Rxe6 Rxe6 33. Bd5 Be5 34. Bxe6+ Kf8 35. Bb3 Bd3+ 36.
Ka1 Qg3 37. Qh8+ Ke7 38. Qxg7+ Kd6 39. Qxe5+ Qxe5 40. Nf7+ 1-0

[Event "*** Titled Tuesday Blitz"]
[Site "Chess.com"]
[Date "2018.10.02"]
[Round "4"]
[White "nubair1198"]
[Black "NeverEverForever1990"]
[Result "0-1"]
[WhiteElo "2500"]
[BlackElo "2437"]
[TimeControl "180+2"]
[EndTime "13:48:13 PDT"]
[Termination "NeverEverForever1990 won by resignation"]

1. d4 Nf6 2. c4 e6 3. Nc3 Bb4 4. Bd2 O-O 5. Nf3 Re8 6. e3 d6 7. a3 Bxc3 8. Bxc3 Ne4 9. Rc1 Nxc3 10. Rxc3 Nc6 11. Be2 e5 12. O-O h6 13. b4 Bf5 14. b5 exd4 15. exd4 Ne7 16. Nh4 Bh7 17.
Rg3 Nd5 18. cxd5 Qxh4 19. Bd3 Bxd3 20. Qxd3 Re7 21. a4 Rae8 22. a5 Qh5 23. Qc4 Re1 24. Rf3 Qg6 25. Re3 R8xe3 26. fxe3 Qb1 27. Kf2 Rxf1+ 28. Qxf1 Qa2+ 29. Kg3 Qxa5 30. Qc4 g5 31. h3 Kg7 32. Kg4 Qe1 33. Qxc7 Qe2+ 34. Kg3 Qxe3+ 35.
Kh2 Qxd4 36. Qxb7 Qe5+ 37. Kh1 Qa1+ 38. Kh2 h5 39. Qc6 Qe5+ 40. Kh1 g4 41. hxg4 hxg4 42. Qc4 f5 43. Qc7+ Kg6 44. Qxa7 g3 45. Qg1 Qh8+ 0-1

[Event "*** Titled Tuesday Blitz"]
[Site "Chess.com"]
[Date "2018.10.02"]
[Round "4"]
[White "pKiLz5Rn9b"]
[Black "biostatistician"]
[Result "1-0"]
[WhiteElo "2793"]
[BlackElo "2568"]
[TimeControl "180+2"]
[EndTime "13:48:24 PDT"]
[Termination "pKiLz5Rn9b won by checkmate"]

1. Nf3 Nf6 2. b3 g6 3. Bb2 Bg7 4. g3 b6 5. Bg2 Bb7 6. c4 O-O 7. O-O c5 8. Nc3 Nc6 9. d4 Nxd4 10. Nxd4 Bxg2 11. Kxg2 cxd4 12. Qxd4 d6 13. Rfd1 Qc7 14. Rac1 Qc5 15. Qd2 Rac8 16. e4 Qc6 17. f3 Qb7 18. a4 Rc5 19. Ba3 Rcc8 20. Qe2 Rfd8 21. Bb2 Rc6 22. g4 Rc5 23. h4 e6 24. Ba3 Rc6 25. e5 Nxg4 26. fxg4 Rxc4+ 27. Qf3 Rxg4+ 28. Kf2 Qxf3+ 29. Kxf3 Rxh4 30. Bxd6 Bh6 31. Be7 Rf4+ 32. Kg3 Re8 33. Bd6 Rf5 34. Ne4 Bxc1 35. Rxc1 Rd8 36. Rc7 a5 37. Rb7 Rc8 38. Rxb6 h5 39. b4 axb4 40.
Rxb4 Rc1 41. Rb8+ Kh7 42. Nf6+ Kh6 43. Rh8+ Kg7 44. Rh7# 1-0

[Event "*** Titled Tuesday Blitz"]
[Site "Chess.com"]
[Date "2018.10.02"]
[Round "4"]
[White "nochewycandy"]
[Black "KRASAVCHIK2002"]
[Result "0-1"]
[WhiteElo "2166"]
[BlackElo "2288"]
[TimeControl "180+2"]
[EndTime "13:48:36 PDT"]
[Termination "KRASAVCHIK2002 won by checkmate"]

1. e4 c5 2. Nf3 d6 3. Bb5+ Bd7 4. Bxd7+ Qxd7 5. c4 Nc6 6. Nc3 Nf6 7. O-O g6 8. d4 cxd4 9. Nxd4 Bg7 10. Nc2 O-O 11. f3 Rfc8 12. b3 a6 13. Bb2 Rab8 14. a4 Ne8 15.
Qc1 Nc7 16. Nd5 Nxd5 17. exd5 Ne5 18. Qd1 b5 19. axb5 axb5 20. Bd4 bxc4 21. bxc4 Rxc4 22. f4 Ng4 23. Bxg7 Kxg7 24. h3 Nf6 25. f5 Qb7 26. Ne3 Qb6 27. Rf3 Rc3 28. Qd2 Nxd5 29. Qxd5 Rxe3 30.
Rxe3 Qxe3+ 31. Kh1 Qe5 32. Qxe5+ dxe5 33. fxg6 hxg6 34.
Kg1 f5 35. Kf2 Kf6 36. Ra7 e6 37. g3 Rb3 38. Ra5 e4 39. h4 Rb2+ 40. Ke3 Rb3+ 41.
Kf2 g5 42. h5 Rb2+ 43. Kg1 f4 44. g4 e3 45. Kf1 f3 46. Ra1 Rh2 47. Kg1 Rh4 48. Ra3 Rxg4+ 49. Kf1 e2+ 50. Kf2 Rg2+ 51.
Kxf3 e1=Q 52. Kxg2 Qh4 53. Rf3+ Kg7 54. Rh3 Qg4+ 55. Rg3 Qe2+ 56. Kg1 Qxh5 57. Rf3 Qxf3 58. Kh2 g4 59. Kg1 Qe2 60. Kh1 g3 61. Kg1 Qf2+ 62. Kh1 Qh2# 0-1

[Event "*** Titled Tuesday Blitz"]
[Site "Chess.com"]
[Date "2018.10.02"]
[Round "4"]
[White "RichardABates"]
[Black "kasparik_garik"]
[Result "0-1"]
[WhiteElo "2354"]
[BlackElo "2551"]
[TimeControl "180+2"]
[EndTime "13:48:37 PDT"]
[Termination "kasparik_garik won by resignation"]

1. d4 Nf6 2. Nf3 g6 3. g3 Bg7 4. Bg2 O-O 5. O-O d6 6. c4 Nc6 7. Nc3 Bf5 8. h3 Ne4 9. Nd5 Bd7 10. Ng5 Nxg5 11. Bxg5 h6 12. Be3 e5 13. dxe5 dxe5 14. Qd2 Kh7 15. Rfd1 Be6 16. Bc5 Re8 17. e3 f5 18. Ba3 e4 19. Rac1 Ne5 20. Nf4 Qxd2 21. Rxd2 Nxc4 22. Nxe6 Nxd2 23. Nxg7 Kxg7 24. Rxc7+ Kg8 25.
b3 Rac8 26. Rxb7 Rc2 27. g4 fxg4 28. hxg4 Rxa2 29. Bb4 Nf3+ 30. Bxf3 exf3 31. Bc3 Re6 32. Bd4 a6 33. Rg7+ Kf8 34. Ra7 g5 35. Kh2 Rxf2+ 36.
Kg3 Rf1 37. Ra8+ Ke7 38. Ra7+ Ke8 39. Ra8+ Kd7 40. Ra7+ Kc8 41. Ra8+ Kb7 42. Ra7+ Kb8 43. Rf7 Rc6 44. b4 Rc2 45. Rxf3 Rxf3+ 46. Kxf3 Rc4 47. Ke4 Rxb4 48. Kf5 a5 49. Kg6 a4 50. Be5+ Kc8 51.
Kxh6 Rb5 52. Bd4 Kd7 53. e4 Ke6 54. e5 Rxe5 55. Bxe5 Kxe5 0-1

[Event "*** Titled Tuesday Blitz"]
[Site "Chess.com"]
[Date "2018.10.02"]
[Round "4"]
[White "Quiet_Desperation"]
[Black "Synctel"]
[Result "1-0"]
[WhiteElo "1914"]
[BlackElo "1980"]
[TimeControl "180+2"]
[EndTime "13:48:38 PDT"]
[Termination "Quiet_Desperation won by checkmate"]

1. e4 e6 2. d4 d5 3. Nc3 Nf6 4.
e5 Nfd7 5. f4 b6 6. Nf3 Ba6 7.
Bxa6 Nxa6 8. Qe2 Nab8 9. Be3 Be7 10. g4 h5 11. gxh5 Rxh5 12. Ng5 Rh8 13. O-O-O Nf8 14. Qg4 g6 15. h4 Qd7 16. h5 gxh5 17. Rxh5 Rxh5 18. Qxh5 Bxg5 19. Qxg5 Nc6 20. Rh1 Ne7 21. Ne2 O-O-O 22. Ng3 Nfg6 23. Rh7 Rf8 24. Qf6 Qe8 25. f5 Ng8 26. Qg5 exf5 27. Nxf5 f6 28. Qg4 Kb8 29. Rg7 N8e7 30. exf6 Rxf6 31. Nxe7 Nxe7 32. b3 Rg6 33. Rxg6 Qxg6 34. Qd7 Qe4 35. Bf2 Qf4+ 36. Kb2 Qxf2 37. Qxe7 Qxd4+ 38. Kb1 Kb7 39. Qd8 Qc5 40. Qd7 a5 41. Qe6 Qc6 42. Qg4 Qd6 43. a4 d4 44.
Qe4+ Ka7 45. Qd3 Qc5 46. Qh7 Qd5 47. Qd3 Kb7 48. Qh7 Qd6 49. Qd3 Qe5 50. Qf3+ Ka7 51. Qc6 Qe1+ 52. Ka2 Qe5 53. Qc4 Qc5 54. Qd3 Qc3 55.
Qh7 Qc5 56. Qe4 Ka6 57. Qa8# 1-0

[Event "*** Titled Tuesday Blitz"]
[Site "Chess.com"]
[Date "2018.10.02"]
[Round "4"]
[White "Fins0905"]
[Black "Sanan_Sjugirov"]
[Result "0-1"]
[WhiteElo "2566"]
[BlackElo "2807"]
[TimeControl "180+2"]
[EndTime "13:48:41 PDT"]
[Termination "Sanan_Sjugirov won on time"]

1. d4 Nf6 2. c4 e6 3. Nf3 b6 4. g3 Ba6 5. Qa4 Bb7 6. Bg2 Be7 7. O-O O-O 8. Nc3 c5 9. dxc5 bxc5 10. Rd1 Qb6 11.
Bf4 d6 12. Qb3 Rd8 13. Rd2 Nc6 14. Qxb6 axb6 15. Rad1 Ne8 16. b3 h6 17. h4 Rab8 18.
Ne1 g5 19. hxg5 hxg5 20. Be3 Ng7 21. g4 f6 22. Nb5 Ne8 23. Nd3 Kf7 24. f3 Rdc8 25.
Bf2 Ra8 26. Bg3 Na7 27. Nc3 Rd8 28. Nb2 Rd7 29. Nba4 Nc8 30. f4 Bxg2 31. Kxg2 gxf4 32. Bxf4 Nc7 33. Rh1 Kg8 34. Rd3 Bf8 35. Ne4 Bg7 36.
Nxd6 e5 37. Nxc8 Rxd3 38. exd3 exf4 39. Ncxb6 Re8 40. Kf3 Ne6 41. Nd5 Nd4+ 42. Kxf4 Kf7 43. Nxc5 Re2 44. Ne4 Kg6 45. g5 f5 0-1

[Event "*** Titled Tuesday Blitz"]
[Site "Chess.com"]
[Date "2018.10.02"]
[Round "4"]
[White "Bauxi435"]
[Black "ViktorMatviishen"]
[Result "0-1"]
[WhiteElo "2423"]
[BlackElo "2479"]
[TimeControl "180+2"]
[EndTime "13:48:43 PDT"]
[Termination "ViktorMatviishen won by resignation"]

1. d4 Nf6 2. c4 e6 3. Nc3 Bb4 4. f3 d5 5. a3 Bxc3+ 6. bxc3 O-O 7. cxd5 exd5 8. e3 b6 9. Bd3 Ba6 10. Ne2 Bxd3 11. Qxd3 c5 12. O-O Nc6 13. e4 Re8 14. e5 Nd7 15. f4 Rc8 16. f5 Qh4 17. Nf4 cxd4 18. cxd4 Ne7 19. g3 Qg4 20. Ng2 Rc4 21. Be3 Qe4 22. Qxe4 dxe4 23. g4 Nd5 24. Kf2 Rc2+ 25.
Kg3 Rxg2+ 26. Kxg2 Nxe3+ 27. Kf2 Nxf1 28. Rxf1 Nxe5 29.
dxe5 Rxe5 30. Rc1 e3+ 31. Ke2 h5 32. h3 hxg4 33. hxg4 f6 34. Rc7 a5 35. Rb7 b5 36.
Ra7 b4 37. axb4 axb4 38. Rb7 Re4 39. g5 fxg5 40. Rb6 g4 41. f6 g3 42. Rb8+ Kf7 43.
fxg7 Kxg7 44. Rb7+ Kg6 45. Ra7 g2 46. Ra1 Kf5 47. Rg1 Rg4 48. Kxe3 Rg3+ 49. Kf2 Kg4 50. Ke2 Kh3 51. Kf2 Kh2 0-1

[Event "*** Titled Tuesday Blitz"]
[Site "Chess.com"]
[Date "2018.10.02"]
[Round "4"]
[White "Nathan_Filgueiras"]
[Black "FearlessKing64"]
[Result "0-1"]
[WhiteElo "2198"]
[BlackElo "2221"]
[TimeControl "180+2"]
[EndTime "13:48:49 PDT"]
[Termination "FearlessKing64 won by resignation"]

1. e4 c5 2. Nf3 d6 3. d4 cxd4 4. Nxd4 Nf6 5. Nc3 a6 6. h3 e6 7. g4 d5 8. exd5 Nxd5 9. Nde2 Bb4 10. Bg2 Bxc3+ 11. Nxc3 Nxc3 12. Qxd8+ Kxd8 13. bxc3 Nc6 14. Ba3 Kc7 15. O-O-O Rd8 16. Rxd8 Kxd8 17. Rd1+ Ke8 18. Bd6 Bd7 19. c4 Rc8 20. c5 Na5 21. Kb2 Bc6 22. Bf1 Bd5 23. Rb1 Nc4+ 24. Bxc4 Bxc4 25. Kc3 Bd5 26.
Kd4 f6 27. c4 Bc6 28. f4 Kf7 29. a4 Rd8 30. a5 Rd7 31. Rg1 h6 32. h4 Rd8 33. g5 hxg5 34. hxg5 Rh8 35. Kc3 Rh3+ 36.
Kb4 Be4 37. Bc7 Rf3 38. gxf6 gxf6 39. Bb6 Rxf4 40. Rd1 Bd5 41. Rc1 Re4 42. Kb3 Bc6 43. Bc7 f5 44. Rf1 Kf6 45. Rf4 Rxf4 46. Bxf4 e5 47.
Bd2 f4 48. Kc3 Kf5 49. Kd3 e4+ 50. Ke2 e3 51. Bxe3 fxe3 52. Kxe3 Ke5 53. Kd3 Kf4 54. Kd4 Bf3 55. Kd3 Ke5 56. Kc3 Be4 57. Kb4 Kd4 58.
c6 Bxc6 59. c5 0-1

[Event "*** Titled Tuesday Blitz"]
[Site "Chess.com"]
[Date "2018.10.02"]
[Round "4"]
[White "RitvarsReimanis"]
[Black "Vamostodorecto"]
[Result "1-0"]
[WhiteElo "2610"]
[BlackElo "2417"]
[TimeControl "180+2"]
[EndTime "13:48:50 PDT"]
[Termination "RitvarsReimanis won on time"]

1. d4 d5 2. c4 dxc4 3. Nf3 Nf6 4. e3 b5 5. a4 c6 6. b3 cxb3 7. axb5 cxb5 8. Bxb5+ Nbd7 9. Qxb3 e6 10. Bd2 Bd6 11.
O-O O-O 12. Qc2 Bb7 13. Ba6 Be4 14. Bd3 Bxf3 15. gxf3 e5 16. Qc6 Qe7 17. Ra6 Bb4 18.
Bxb4 Qxb4 19. Qa4 Qe7 20. Rxa7 Rxa7 21. Qxa7 exd4 22. Qxd4 Ne5 23. Be2 Rd8 24. Qh4 h6 25. Nc3 Qe6 26. Ne4 g5 27. Qxh6 Nxe4 28. Qxe6 fxe6 29. fxe4 Rd2 30. Re1 g4 31. Kf1 Kg7 32.
Rd1 Rb2 33. Ra1 Kf6 34. Ra8 Rb1+ 35. Kg2 Rb2 36. Bd1 Nd3 37. Rf8+ Kg5 38. Kg3 Nxf2 39. Rxf2 Rb1 40. Rd2 Rb3 41. Kf2 Kh4 42. Be2 Rb4 43.
Rd4 Rb8 44. e5 Rf8+ 45. Rf4 Rg8 46. Kg2 Rg5 47. Re4 Rg6 48. h3 1-0

[Event "*** Titled Tuesday Blitz"]
[Site "Chess.com"]
[Date "2018.10.02"]
[Round "4"]
[White "Ravan_02"]
[Black "ShimanovAlex"]
[Result "1-0"]
[WhiteElo "2568"]
[BlackElo "2721"]
[TimeControl "180+2"]
[EndTime "13:48:52 PDT"]
[Termination "Ravan_02 won by resignation"]

1. Nf3 d5 2. g3 Bg4 3. Bg2 Nd7 4. O-O c6 5. d3 e5 6. Nbd2 Bc5 7. e4 Ngf6 8. c3 O-O 9. Qe2 Re8 10. Re1 a5 11. Nf1 a4 12. Ne3 Bh5 13. Nf5 Qc7 14. Bg5 b5 15. Qd2 Bg6 16. N3h4 Ng4 17. d4 exd4 18. cxd4 Bb6 19. h3 Ba5 20. Qc2 Ngf6 21. e5 Bxe1 22.
Rxe1 Ne4 23. Nxg6 hxg6 24. Ne7+ Rxe7 25. Bxe7 Nxe5 26. dxe5 Qxe7 27. Qxc6 Rd8 28. Qxb5 a3 29. bxa3 Nc3 30. Qd3 d4 31. e6 fxe6 32. a4 e5 33.
a5 Rd6 34. a6 Kh7 35. Bb7 Re6 36. Qc4 Rd6 37. h4 g5 38. hxg5 Qxg5 39. a7 e4 40.
a8=Q e3 41. Qag8+ Kh6 42. Qh8+ Kg6 43. Qd3+ Kf7 44. Qh4 exf2+ 45. Kxf2 Rf6+ 46. Kg2 Qc5 47. Qhxd4 1-0

[Event "*** Titled Tuesday Blitz"]
[Site "Chess.com"]
[Date "2018.10.02"]
[Round "4"]
[White "Aygehovit1992"]
[Black "kleinebeer98"]
[Result "0-1"]
[WhiteElo "2651"]
[BlackElo "2553"]
[TimeControl "180+2"]
[EndTime "13:48:58 PDT"]
[Termination "kleinebeer98 won by resignation"]

1. d4 e6 2. c4 b6 3. Nc3 Bb7 4. e4 Bb4 5. Bd3 Nc6 6. Ne2 e5 7. d5 Nce7 8. O-O Ng6 9. g3 h5 10. f4 h4 11. f5 hxg3 12. hxg3 Bc5+ 13. Kg2 Nh4+ 14. gxh4 Qxh4 15. Ng3 Qh2+ 16. Kf3 Rh3 17. Ne2 Nf6 18. Bd2 Nh5 19. Be1 Nf4 20. Nxf4 exf4 21.
Kxf4 Qxb2 22. Rb1 Bd6+ 23. Kg4 Qh2 24. e5 Bxe5 25. Rg1 Rh4+ 26. Kf3 Qxg1 27. Qd2 Rf4+ 28. Ke2 Qg2+ 29. Kd1 Qxd2+ 30. Kxd2 O-O-O 31. Ne2 Rg4 32. Bf2 Rh8 33. Be3 Bf6 34. Rf1 Ba6 35. Bf4 Rhh4 36.
d6 Rxf4 37. Nxf4 Rxf4 38. Rxf4 Bg5 39. Ke3 cxd6 40. Kf3 Bxf4 41. Kxf4 f6 42. Kg4 d5 43. Kh5 Bxc4 44. Bc2 Kd8 45. Kg6 Ke7 46. Kxg7 d4 47. Kg6 Be2 0-1

[Event "*** Titled Tuesday Blitz"]
[Site "Chess.com"]
[Date "2018.10.02"]
[Round "4"]
[White "Eliwood44"]
[Black "chesstatour"]
[Result "1-0"]
[WhiteElo "2220"]
[BlackElo "2015"]
[TimeControl "180+2"]
[EndTime "13:48:58 PDT"]
[Termination "Eliwood44 won by resignation"]

1. d4 e6 2. Nf3 b6 3. e3 Bb7 4.
Bd3 f5 5. O-O Nf6 6. c4 Be7 7.
Nc3 O-O 8. d5 a5 9. b3 Na6 10. Bb2 Nc5 11. Bc2 Kh8 12. a3 Nfe4 13. b4 Nxc3 14. Bxc3 Ne4 15. Bxe4 fxe4 16. Ne1 exd5 17.
cxd5 axb4 18. axb4 Bf6 19. Rxa8 Qxa8 20. Bxf6 Rxf6 21. Qc2 Bxd5 22. Qxc7 Rf8 23. Kh1 Qc6 24. Qxc6 dxc6 25. g3 Bc4 26. Rg1 Be2 27. Ng2 Bf3 28.
Rc1 Rc8 29. Kg1 c5 30. Nh4 Bg4 31. bxc5 Rxc5 32. Rb1 b5 33. Ng2 g5 34. Ne1 Kg7 35.
Kg2 Kf6 36. h3 Bf5 37. g4 Bg6 38. Rb2 Ke6 39. Nc2 Kd5 40. Nd4 Be8 41. Kg3 h6 42.
h4 Kc4 43. hxg5 hxg5 44. Rc2+ Kd5 45. Rb2 Kd6 46. Rb4 Kd5 47. Nf5 Rc4 48. Rb2 Kc5 49. Nd4 b4 50. Ne6+ Kb5 51. Nxg5 b3 52. Rxb3+ Kc5 53.
Rb8 Bb5 54. Rc8+ Kd6 55. Rxc4 Bxc4 56. Nxe4+ Ke5 57. Nd2 Bd3 58. f4+ 1-0

[Event "*** Titled Tuesday Blitz"]
[Site "Chess.com"]
[Date "2018.10.02"]
[Round "4"]
[White "Last7Samurai"]
[Black "MITerryble"]
[Result "1/2-1/2"]
[WhiteElo "2747"]
[BlackElo "2777"]
[TimeControl "180+2"]
[EndTime "13:49:02 PDT"]
[Termination "Game drawn - insufficient material"]

1. e4 e6 2. d4 d5 3. Nd2 Be7 4. Bd3 c5 5. c3 cxd4 6. cxd4 Nc6 7. Ngf3 dxe4 8. Nxe4 Nf6 9. O-O O-O 10. Be3 Nb4 11. Nxf6+ Bxf6 12. Be4 Nd5 13. Rc1 Bd7 14. Bxd5 exd5 15.
Ne5 Be6 16. Qa4 Qb6 17. b3 Rac8 18. Nd7 Bxd7 19. Qxd7 Rxc1 20. Rxc1 Bxd4 21. Bxd4 Qxd4 22. Qxb7 Qd2 23. Qc6 d4 24. Qc2 Qa5 25. Rd1 Rd8 26.
g3 h5 27. h4 d3 28. Qd2 Qd5 29. Qe3 a5 30. Rd2 f6 31. Kh2 Kf7 32. Qb6 Rd7 33. Qa6 Rd6 34. Qa7+ Rd7 35. Qa6 Rd6 36. Qa7+ Kg6 37. Qb8 Kh7 38. b4 axb4 39. Qxb4 Re6 40. Qb1 Rd6 41. a4 g5 42. Qb5 gxh4 43. Qxd5 hxg3+ 44.
Kxg3 Rxd5 45. a5 Kg6 46. a6 Ra5 47. Rxd3 Rxa6 48. Rd5 Ra3+ 49. f3 Ra4 50. Rb5 Rc4 51.
Rd5 Rb4 52. Rc5 Rb1 53. Rc8 Rg1+ 54. Kf4 Ra1 55. Rg8+ Kf7 56. Rb8 Ra4+ 57. Kg3 Kg6 58. Rg8+ Kf5 59. Rh8 h4+ 60. Rxh4 Rxh4 61. Kxh4 Kf4 62.
Kh5 Kxf3 63. Kg6 Kf4 64. Kxf6 1/2-1/2

[Event "*** Titled Tuesday Blitz"]
[Site "Chess.com"]
[Date "2018.10.02"]
[Round "4"]
[White "Morshynska"]
[Black "DishonorOnYourCow"]
[Result "0-1"]
[WhiteElo "2082"]
[BlackElo "2263"]
[TimeControl "180+2"]
[EndTime "13:49:03 PDT"]
[Termination "DishonorOnYourCow won by resignation"]

1. d4 d5 2. c4 dxc4 3. Nf3 a6 4. a4 Nf6 5. e3 Bg4 6. Bxc4 e6 7. Nc3 Nc6 8. h3 Bh5 9. Be2 Bd6 10. O-O O-O 11. Ng5 Bxe2 12. Qxe2 e5 13. d5 Nxd5 14. Qh5 Nf6 15. Qh4 h6 16. Nge4 Nxe4 17. Qxe4 f5 18.
Qd5+ Kh8 19. Rd1 Qf6 20. Qb3 Rab8 21. Bd2 e4 22. Nd5 Qg6 23. Bc3 Ne5 24. Bxe5 Bxe5 25. Rac1 c6 26. Nf4 Bxf4 27. exf4 Qf7 28. Qb6 Qe7 29. Rc5 Rfd8 30. Rxd8+ Qxd8 31. Qxd8+ Rxd8 32. Rxf5 Rd1+ 33. Kh2 Rb1 34. Re5 Rxb2 35. Rxe4 Rxf2 36. Kg3 Rb2 37. f5 b5 38. axb5 cxb5 39. f6 gxf6 40. Re6 a5 41. Rxf6 Kg7 42. Ra6 a4 43. h4 Ra2 44.
Rb6 Rb2 45. Ra6 Rb3+ 46. Kg4 a3 47. Kf5 b4 48. g4 Rf3+ 49. Ke4 Rf2 50. h5 a2 51.
Ra7+ Kf6 52. Ra6+ Kg5 53. Rg6+ Kh4 54. Ra6 Kxg4 55. Ke3 Rh2 56. Ke4 b3 57. Ke5 Rh1 0-1

[Event "*** Titled Tuesday Blitz"]
[Site "Chess.com"]
[Date "2018.10.02"]
[Round "4"]
[White "Buffy7"]
[Black "Thjop"]
[Result "1/2-1/2"]
[WhiteElo "2639"]
[BlackElo "2624"]
[TimeControl "180+2"]
[EndTime "13:49:04 PDT"]
[Termination "Game drawn by stalemate"]

1. d4 Nf6 2. Nf3 g6 3. e3 Bg7 4. Be2 O-O 5. O-O d6 6. c4 Nbd7 7. Nc3 e5 8. Qc2 Re8 9. b3 c6 10. Rd1 e4 11. Nd2 Qe7 12. a4 a5 13. Ba3 Nf8 14. b4 axb4 15. Bxb4 Bf5 16. Ba3 h5 17. Rab1 Rad8 18. h3 N8h7 19. Bf1 h4 20. Ne2 g5 21. Rb6 g4 22. hxg4 Nxg4 23. Rdb1 Rd7 24. Qb3 Qg5 25.
Rxb7 h3 26. gxh3 Nxe3+ 27. Ng3 Nxf1 28. Nxf1 Bxd4 29. Rxd7 Bxd7 30. Bxd6 Bxh3 31. Qd1 c5 32. Rb8 Rxb8 33. Bxb8 f5 34. Qh5 Qxh5 35. Nxh5 Ng5 36. Ne3 Nf3+ 37. Kh1 Bxe3 38. fxe3 Bf1 39. Bd6 Bxc4 40.
Bxc5 Kf7 41. a5 Ke6 42. Nf4+ Kd7 43. Kg2 Kc6 44. Bb6 Nd2 45. Kg3 Nb3 46. Kh4 Kb5 47.
Kg5 Nxa5 48. Bxa5 Kxa5 49. Kxf5 Bd3 50. Ke5 Kb5 51. Kd4 Bb1 52. Nh3 Kc6 53. Ng5 Kd6 54.
Nxe4+ Bxe4 55. Kxe4 Ke6 56. Kd4 Kd6 57. e4 Ke6 58. e5 Ke7 59. Ke4 Ke6 60. Kf4 Ke7 61. Kf5 Kf7 62. Ke4 Ke6 63. Kd4 Ke7 64. Kd5 Kd7 65.
e6+ Ke7 66. Ke5 Ke8 67. Kf6 Kf8 68. e7+ Ke8 69. Ke6 1/2-1/2

[Event "*** Titled Tuesday Blitz"]
[Site "Chess.com"]
[Date "2018.10.02"]
[Round "4"]
[White "AvitalBor"]
[Black "fancyknightmaneuvers"]
[Result "1-0"]
[WhiteElo "2595"]
[BlackElo "2503"]
[TimeControl "180+2"]
[EndTime "13:49:12 PDT"]
[Termination "AvitalBor won by resignation"]

1. e4 c5 2. Nf3 e6 3. c3 Nf6 4. e5 Nd5 5. d4 cxd4 6. cxd4 d6 7.
Bc4 Nc6 8. O-O Be7 9. exd6 Qxd6 10. Nc3 Nxc3 11. bxc3 O-O 12. Re1 Bf6 13. Ng5 Qd8 14. Qh5 h6 15. Ne4 Be7 16. Bxh6 gxh6 17. Qxh6 Nxd4 18.
cxd4 Qxd4 19. Rad1 Qg7 20. Qh3 e5 21. Qb3 b6 22.
Rd3 Bh4 23. Nd6 Bg4 24. h3 Bh5 25. Nf5 Qg5 26. Nxh4 Qxh4 27. Rg3+ Kh7 28. Rxe5 Rac8 29. Bd3+ Bg6 30. Be4 Rc1+ 31. Kh2 Rc5 32. Bxg6+ fxg6 33. Qd3 Qf6 34. Re7+ Rf7 35. Rxg6 Qxe7 36. Re6+ Kg7 37. Qd4+ Kg8 38. Rxe7 Rxe7 39. Qg4+ Rg7 40. Qe6+ Kf8 41. g4 Re7 42. Qf6+ Rf7 43. Qd8+ Kg7 44. Qd4+ Kg8 45.
f4 Rc8 46. Kg3 Rcc7 47. g5 Rfd7 48. Qe5 Re7 49. Qd5+ Kg7 50. Kg4 Red7 51. Qe5+ Kf7 52. h4 Re7 53. Qf6+ Ke8 54. g6 Kd8 55. h5 1-0

[Event "*** Titled Tuesday Blitz"]
[Site "Chess.com"]
[Date "2018.10.02"]
[Round "4"]
[White "plouarzel"]
[Black "hurricane7791"]
[Result "0-1"]
[WhiteElo "2593"]
[BlackElo "2691"]
[TimeControl "180+2"]
[EndTime "13:49:15 PDT"]
[Termination "hurricane7791 won by resignation"]

1. e4 c5 2. Nf3 d6 3. Bb5+ Nc6 4.
Bxc6+ bxc6 5. O-O e5 6. c3 Nf6 7.
Re1 Bg4 8. d3 Be7 9. Nbd2 O-O 10. h3 Be6 11. Nf1 a5 12. Ng3 Re8 13. d4 cxd4 14.
cxd4 Qc7 15. Qc2 c5 16. d5 Bd7 17. Bg5 h6 18. Be3 a4 19. Nd2 Reb8 20. Nc4 Bf8 21.
Rab1 Rb4 22. Bd2 Rb7 23. Nf1 Rab8 24. Ba5 Qc8 25. Kh2 Ne8 26. Nfe3 Nc7 27. Bxc7 Qxc7 28.
Rf1 Re8 29. f4 exf4 30. Rxf4 Bc8 31. Rbf1 Qd8 32. Qxa4 g6 33. Ng4 Bxg4 34. Rxg4 h5 35. Rgf4 Bh6 36. Nxd6 Bxf4+ 37. Rxf4 Qxd6 38. Qxe8+ Kg7 39. e5 Qxd5 40. b3 Ra7 41. Rf2 Qd4 42. Rf3 Qd5 43.
Rf2 Qe4 44. Rf3 g5 45. Kg1 g4 46. hxg4 hxg4 47. Rf1 Qe3+ 48. Kh1 g3 49. Qc6 Qd4 50. Qf6+ Kf8 51. Qh8+ Ke7 52. Qf6+ Ke8 53. Qh8+ Ke7 54. Qf6+ Ke8 55. Qh8+ Ke7 56. e6 Qxh8+ 0-1

[Event "*** Titled Tuesday Blitz"]
[Site "Chess.com"]
[Date "2018.10.02"]
[Round "4"]
[White "xamax2000"]
[Black "Gubajdullin"]
[Result "0-1"]
[WhiteElo "2411"]
[BlackElo "2379"]
[TimeControl "180+2"]
[EndTime "13:49:27 PDT"]
[Termination "Gubajdullin won by checkmate"]

1. e4 g6 2. d4 Bg7 3. Nf3 d6 4. Bc4 e6 5. Bb3 Nf6 6. Nbd2 d5 7. e5 Nfd7 8. Nf1 c5 9. c3 Nc6 10. Ne3 c4 11. Bc2 b5 12. a3 a5 13.
h4 h6 14. h5 g5 15. Ng4 Bb7 16. Bd2 b4 17. O-O Bf8 18. Ba4 b3 19. Nfh2 Be7 20. f4 gxf4 21. Bxf4 Bg5 22. Qf3 Rh7 23. Nxh6 Rxh6 24.
Bxg5 Qxg5 25. Qxf7+ Kd8 26. Rf6 Rxf6 27. exf6 Qxf6 28.
Rf1 Qg5 29. Qxe6 Kc7 30. Rf7 Rd8 31. Nf3 Qxh5 32. Bxc6 Bxc6 33. Ne5 Qd1+ 34. Kf2 Qd2+ 35. Kf3 Qd1+ 36. Kf2 Ba4 37. Qxd5 Qd2+ 38. Kf3 Qd1+ 39.
Kf4 Qd2+ 40. Kf5 Qf2+ 41. Ke6 Qh4 42. Qxa5+ Kc8 43. Qa8+ Kc7 44. Qa7+ Kc8 45. Qa8+ Kc7 46. Qa5+ Kc8 47. Qxa4 Qh6+ 48. Kf5 Qh5+ 49. Kf4 Qh4+ 50. Ke3 Qe1+ 51. Kf3 Nxe5+ 52. dxe5 Qf1+ 53. Ke4 Qxf7 54.
Qa8+ Kd7 55. Qa4+ Ke7 56. Qb5 Qg6+ 57. Ke3 Qd3+ 58. Kf2 Rf8+ 59. Kg1 Qf1+ 60. Kh2 Qf4+ 61. Kg1 Qf2+ 62. Kh2 Rh8# 0-1